 Dungeon Crawl Stone Soup version 0.21-a0-538-gd16b88a (webtiles) character file.

18 slep the Chopper (level 2, -1/22 HPs)
             Began as a Demonspawn Gladiator on Dec 16, 2017.
             Slain by Natasha (4 damage)
             ... on level 3 of the Dungeon.
             The game lasted 00:01:27 (443 turns).

slep the Chopper (Demonspawn Gladiator)              Turns: 443, Time: 00:01:27

Health: -1/22      AC:  4    Str: 14    XL:     2   Next: 51%
Magic:  2/2        EV: 13    Int:  9    God:
Gold:   101        SH:  0    Dex: 14    Spells: 1/1 levels left

rFire    . . .     SeeInvis .   a - +0 war axe
rCold    . . .     Gourm    .   (no shield)
rNeg     . . .     Faith    .   b - +0 leather armour
rPois    .         Spirit   .   c - +0 helmet
rElec    .         Reflect  .   (no cloak)
rCorr    .         Harm     .   (no gloves)
MR       .....                  (no boots)
Stlth    +.........             (no amulet)
HPRegen  0.07/turn              (no ring)
MPRegen  0.08/turn              (no ring)

@: no status effects
A: hooves 1
a: no special abilities


You were on level 3 of the Dungeon.
You were not hungry.

You visited 1 branch of the dungeon, and saw 3 of its levels.

You collected 101 gold pieces.

Inventory:

Hand Weapons
 a - a +0 war axe (weapon)
Missiles
 d - 3 throwing nets (quivered)
Armour
 b - a +0 leather armour (worn)
 c - a +0 helmet (worn)
Scrolls
 e - a scroll of enchant armour {unknown}
 g - a scroll of remove curse {unknown}
 j - 2 scrolls of fog {unknown}
 l - 2 scrolls of immolation {unknown}
 n - a scroll of fear {unknown}
Potions
 k - a potion of resistance {unknown}
 m - a potion of brilliance {unknown}
Comestibles
 f - 2 bread rations
 h - 3 royal jellies
 i - a meat ration


   Skills:
 + Level 2.1 Fighting
 + Level 3.0 Axes
 + Level 1.8 Throwing
 + Level 0.1 Armour
 + Level 3.0 Dodging


You had one spell level left.
You didn't know any spells.

Dungeon Overview and Level Annotations

Branches:
Dungeon (3/15)

Altars:

Annotations:
D:3 Natasha


Innate Abilities, Weirdness & Mutations

You have large cloven feet.


Message History

Natasha claws you but does no damage.
You barely miss Natasha. Your kick misses Natasha.
Natasha claws you but does no damage.
You hit Natasha.
Natasha is moderately wounded.
Natasha barely misses you. x2
You barely miss Natasha. Your kick misses Natasha.
Natasha is lightly wounded.
Natasha howls an incantation.
You feel troubled. Natasha claws you.
Your leather armour prevents you from hitting Natasha.
Your kick misses Natasha.
Natasha is lightly wounded.
Natasha claws you.
* * * LOW HITPOINT WARNING * * *
You completely miss Natasha. You kick Natasha, but do no damage.
Natasha is lightly wounded.
Natasha claws you.
You die...

#.#........#
<.........#
#.#........#
#........#.##
#o.[.....
#o##.#.## #o#
#h# #@# #.#
#.# #.# #.#
#.#####
#<....#
#.###.# #.#
#.#


You could see an orc priest, Natasha and 2 orcs.

Vanquished Creatures
  A worm (D:2)
  A bat (D:1)
  2 giant cockroaches
  2 goblins
  2 hobgoblins (D:1)
  2 kobolds
  4 rats (D:1)
14 creatures vanquished.

Notes
Turn   | Place    | Note
-------+----------+-------------------------------------------
     0 | D:1      | slep the Demonspawn Gladiator began the quest for the Orb.
     0 | D:1      | Reached XP level 1. HP: 16/16 MP: 1/1
   142 | D:1      | Gained mutation: You have large cloven feet. [demonic ancestry]
   142 | D:1      | Reached XP level 2. HP: 22/22 MP: 2/2
   212 | D:1      | You fall through a shaft!
   432 | D:3      | Noticed Natasha
   443 | D:3      | Slain by Natasha

Vault maps used:
D:1:      minmay_arrival_nine_rooms
D:2:      first_bread
D:3:      lemuel_zombie_altar_yredelemnul, uniq_natasha

Skill      XL: |  1  2 |
---------------+-------+-----
Axes           | 3 |  3.0
Dodging        | 3 |  3.0
Fighting       | |  2.1
Throwing       | |  1.8
Armour         | |  0.1

Action                   || total
-------------------------++-------
Melee: War axe           ||    38
       Kick              ||     4
Armor: Leather armour    ||    12
Dodge: Dodged            ||    24

Table legend:
 A = Spawn XP
 B = Non-spawn XP
 C = Spawn XP percentage of total XP
 D = Spawn monster count
 E = Non-spawn monster count
 F = Spawn count percentage of total count
 G = Total turns spent on level
                    A         B        C        D         E        F      G
               +---------+---------+-------+---------+---------+-------+---------
         Total |       0 |      27 |   0.0 |       0 |      14 |   0.0 |   443
               +---------+---------+-------+---------+---------+-------+---------
           D:1 |       0 |      16 |   0.0 |       0 |      10 |   0.0 |   212
           D:2 |       0 |       9 |   0.0 |       0 |       3 |   0.0 |   198
           D:3 |       0 |       2 |   0.0 |       0 |       1 |   0.0 |    33
               +---------+---------+-------+---------+---------+-------+---------
